 Dungeon Crawl Stone Soup version 0.18-a0-1789-gbeff17f (webtiles) character file.

95 graki42 the Insei (level 4, 0/35 HPs)
             Began as a Demonspawn Monk on Apr 21, 2016.
             Slain by an orc priest (3 damage)
             ... on level 3 of the Dungeon.
             The game lasted 00:06:07 (2571 turns).

graki42 the Insei (Demonspawn Monk)                 Turns: 2571, Time: 00:06:08

Health: 0/35       AC:  4    Str: 11    XL:     4   Next: 39%
Magic:  4/4        EV: 14    Int: 14    God:
Gold:   152        SH:  0    Dex: 17    Spells: 0 memorised, 3 levels left

rFire  . . .     SeeInvis +       - Unarmed
rCold  . . .     Gourm    .     a - +0 robe
rNeg   . . .     Faith    .     (no shield)
rPois  .         Spirit   .     i - +1 helmet {Int+3}
rElec  .         Dismiss  .     (no cloak)
rCorr  .         Reflect  .     (no gloves)
SustAt .         Harm     .     (boots unavailable)
MR     .....                    (no amulet)
Stlth  ++........               (no ring)
                                j - ring of see invisible

@: not resistant to hostile enchantments, unstealthy
A: hooves 3
a: no special abilities


You were on level 3 of the Dungeon.
You were not hungry.

You visited 1 branch of the dungeon, and saw 3 of its levels.

You collected 152 gold pieces.

Inventory:

Armour
 a - a +0 robe (worn)
 c - a +0 helmet
 i - a +1 helmet of intelligence (worn)
Jewellery
 j - a ring of see invisible (left hand)
 o - an uncursed amulet of harm {unknown}
Wands
 m - a wand of paralysis (8/24)
Scrolls
 d - 2 scrolls of identify
 f - a scroll of recharging {unknown}
 g - a scroll of teleportation {unknown}
 l - a scroll of fear {unknown}
 r - a scroll of random uselessness {unknown}
Potions
 h - 2 potions of cancellation
Comestibles
 b - a bread ration
 k - a beef jerky
 p - 2 meat rations
 q - a slice of pizza


   Skills:
 + Level 3.5 Fighting
 + Level 3.4 Dodging
 + Level 2.2 Stealth
 + Level 4.3 Unarmed Combat


You had 3 spell levels left.
You didn't know any spells.

Dungeon Overview and Level Annotations

Branches:
Dungeon (3/15)

Altars:
Yredelemnul


Innate Abilities, Weirdness & Mutations

You have hooves in place of feet.


Message History

The orc priest is severely wounded.
The orc priest barely misses you.
You closely miss the orc priest. Your kick misses the orc priest.
The orc priest is severely wounded.
The orc priest closely misses you.
Drink which item? (? for menu, Esc to quit)
You feel better.
The orc priest calls down the wrath of Beogh upon you.
Pain shoots through your body!
* * * LOW HITPOINT WARNING * * *
You hit the orc priest but do no damage.
The orc priest is severely wounded.
The orc priest looks braver for a moment.
You closely miss the orc priest. You kick the orc priest.
The orc priest is severely wounded.
The orc priest hits you but does no damage.
You hit the orc priest.
The orc priest is almost dead.
The orc priest hits you.
You die...

.........## ...
..........# ###### ....
..........# #....# <$.....
..........###....##....oo.
..........................
..........###....##...o...
...[.............# ......
...........##....# ..$...
)##.......###...@##.#####
#####.#..##†.....o...#
.....................#
.####.#####..........# ##
#......<....###### #
###........## #
##..#.####.# # ###...#.#
#.# ###.....#.# #.#


You could see an orc priest.

Vanquished Creatures
  3 gnolls (D:3)
  An ooze (D:3)
  2 dart slugs
  2 worms
  2 giant geckos
  4 ball pythons
  2 giant cockroaches (D:2)
  2 goblins (D:1)
  4 hobgoblins
  6 jackals
  A quokka (D:2)
  5 bats
  3 giant newts
  10 kobolds
  5 rats
52 creatures vanquished.

Notes
Turn   | Place    | Note
--------------------------------------------------------------
     0 | D:1      | graki42 the Demonspawn Monk began the quest for the Orb.
     0 | D:1      | Reached XP level 1. HP: 18/18 MP: 1/1
   351 | D:1      | Gained mutation: You have large cloven feet. [demonic ancestry]
   351 | D:1      | Reached XP level 2. HP: 17/24 MP: 2/2
   653 | D:1      | Reached skill level 4 in Unarmed Combat
  1405 | D:1      | Gained mutation: You have hoof-like feet. [demonic ancestry]
  1405 | D:1      | Reached XP level 3. HP: 24/29 MP: 3/3
  2269 | D:3      | Found a basalt altar of Yredelemnul.
  2417 | D:3      | Gained mutation: You have hooves in place of feet. [demonic ancestry]
  2417 | D:3      | Reached XP level 4. HP: 25/35 MP: 4/4
  2571 | D:3      | Slain by an orc priest

Vault maps used:
D:1:      tarquinn_simple_flora_water_f
D:3:      yredelemnul_altar_generic, ecumenical_altar_2, uniq_grinder

Skill      XL: |  1  2  3  4 |
---------------+-------------+-----
Unarmed Combat | 4 |  4.3
Dodging        | 3 |  3.4
Stealth        | 2 |  2.2
Fighting       | |  3.5

Action                   |  1- 3 |  4- 6 || total
-------------------------+-------+-------++-------
Melee: Unarmed           |   190 |    17 ||   207
       Kick              |    33 |     5 ||    38
       Punch             |     1 |       ||     1
  Use: Scroll            |     3 |       ||     3
       Potion            |       |     2 ||     2
 Stab: Sleeping          |     6 |       ||     6
  Eat: Chunk             |     5 |       ||     5
Armor: Robe              |    41 |     1 ||    42
Dodge: Dodged            |   101 |     5 ||   106
